 Dungeon Crawl Stone Soup version 0.29.0-4-gdea44cf6ec (webtiles) character file.

Game seed: 2469187348911949752

2426 qw the Grappler (level 9, -1/74 (84) HPs)
             Began as a Troll Cinder Acolyte on Sept 1, 2022.
             Was a Priest of Ignis.
             Slain by a wight
             ... wielding a +3 great sword
              (10 damage)
             ... on level 8 of the Dungeon.
             The game lasted 00:03:31 (5781 turns).

qw the Grappler (Troll Cinder Acolyte)              Turns: 5781, Time: 00:03:31

HP:   -1/74 (84)    AC: 13    Str: 28    XL:     9   Next: 24%
MP:   9/9           EV:  9    Int: 10    God:    Ignis [***...]
Gold: 442           SH:  5    Dex:  5    Spells: 10/10 levels left

rFire   + . .      SeeInvis +     - Unarmed
rCold   . . .      Faith    .   (no shield)
rNeg    . . .      Spirit   .   a - +0 robe
rPois   .          Reflect  +   (helmet restricted)
rElec   .          Harm     .   g - +1 cloak
rCorr   +          Rampage  .   (gloves unavailable)
Will    .....                   (boots unavailable)
Stlth   +.........              f - amulet of reflection
HPRegen 1.02/turn               j - ring of see invisible
MPRegen 0.11/turn               n - ring of resist corrosion

@: fiery-armoured, heavily drained
A: large, unfitting armour, claws 3, regeneration 1, shaggy fur 1, tough skin 1
a: Renounce Religion, Fiery Armour, Foxfire Swarm, Rising Flame


You were on level 8 of the Dungeon.
You worshipped Ignis.
Ignis was most pleased with you.
You visited 1 branch of the dungeon, and saw 8 of its levels.

You collected 442 gold pieces.


Innate Abilities, Weirdness & Mutations

You are too large for most types of armour.
You have claws for hands.
Your natural rate of healing is unusually fast.
You are covered in fur. (AC +1)
You have tough skin. (AC +1)


   Skills:
 - Level 4.0 Fighting
 - Level 2.1 Throwing
 - Level 1.1 Dodging
 + Level 11.8 Unarmed Combat
 - Level 1.0 Spellcasting
 - Level 2.1 Fire Magic


You had 10 spell levels left.
You didn't know any spells.
Your spell library contained the following spells:

 Spells                   Type           Power      Damage    Failure   Level
 Scorch                   Fire           8%         2d5       22%         2

Inventory:

Armour
 a - a +0 robe (worn)
 g - a +1 cloak (worn)
Jewellery
 e - a ring of fire
 f - an amulet of reflection (around neck)
 j - a ring of see invisible (left claw)
 n - a ring of resist corrosion (right claw)
Scrolls
 l - a scroll of identify
Potions
 b - 2 potions of curing
 c - a potion of mutation {unknown}
 h - a potion of cancellation {unknown}
 i - a potion of haste {unknown}

Dungeon Overview and Level Annotations

Branches:
Dungeon (8/15)             Temple (0/1) D:7
   Lair: D:8-11

Altars:
Ashenzari
Cheibriados
Fedhas
Gozag
Makhleb
Nemelex Xobeh
Qazlal
Ru
Uskayaw
Wu Jian

Shops:
D:8 ?

Annotations:
D:4 2 runed translucent doors, qw's ghost, amateur TrCA
D:7 2 runed translucent doors, Crazy Yiuf; qw's ghost, novice TrCA


Message History

5775 ||| INVOKING Fiery Armour.
A protective cloak of flame settles atop you.
The wight hits you with a +3 war axe!
The wight is burned by your cloak of flames.
The wight is almost destroyed.
The wight hits you from afar with a +4 spear!
You feel drained. The wight barely misses you.
The orc hits you but does no damage.
The orc is burned by your cloak of flames.
The orc is severely wounded.
5776 ||| DRINKING potion of heal wounds.
You feel much better. The wight barely misses you.
The orc hits you but does no damage.
The orc is burned by your cloak of flames.
You kill the orc!
You block the wight's attack.
5777 ||| Stepping ~*~*~tactically~*~*~ (outnumbered).
The wight attacks as you move away!
The wight hits you with a +3 great sword!
You feel drained.
The wight is burned by your cloak of flames.
The wight is lightly damaged.
The wight hits you with a +0 great sword.
You feel drained.
The wight is burned by your cloak of flames.
The wight is moderately damaged.
You see here a +0 short sword.
5778 ||| Stepping ~*~*~tactically~*~*~ (outnumbered).
The wight attacks as you move away! You block the wight's attack.
You see here 7 stones.
5779 ||| Stepping ~*~*~tactically~*~*~ (outnumbered).
The wight attacks as you move away! The wight hits you but does no damage.
You barely miss the wight. You claw the wight.
You destroy the wight!
An orc comes into view. It is wielding a +0 short sword.
The wight hits you from afar with a +4 spear.
5781 ||| Stepping ~*~*~tactically~*~*~ (outnumbered).
The wight attacks as you move away!
The wight hits you with a +3 great sword!
You die... o

.. #..
#...#####+###########.
......................
......................
.......@z..(.........
..
#...#..#z...##.....#
... #
####z...##.....##...
#............+....
#.................
#$................
##.##.####.....>..
####.####........
....)....\....


You could see 3 wights and an orc (wandering).

Vanquished Creatures
  A hornet (D:7)
  Sigmund (D:3)
  3 black bears
  An orc warrior (D:6)
  3 ice beasts
  A sky beast (D:6)
  An ogre (D:4)
  2 kobold brigands (D:7)
  2 bullfrogs
  A necrophage (D:6)
  3 scorpions (D:6)
  A wight (D:8)
  2 hounds (D:5)
  6 orc priests
  4 jellies
  3 orc wizards
  8 adders
  7 gnolls
  A shadow imp (D:5)
  A white imp (D:5)
  2 ufetubi
  3 worms
  3 dart slugs
  23 orcs
  8 bats
  9 endoplasms
  7 goblins
  2 hobgoblins
  6 jackals (D:1)
  4 quokkas
  6 ball pythons
  3 frilled lizards
  15 kobolds
  8 rats
151 creatures vanquished.

Vanquished Creatures (others)
  A dart slug (D:5)
1 creature vanquished.

Grand Total: 152 creatures vanquished

Notes
Turn   | Place    | Note
-------+----------+-------------------------------------------
     0 | D:1      | qw the Troll Cinder Acolyte began the quest for the Orb.
     0 | D:1      | Reached XP level 1. HP: 22/22 MP: 1/1
     0 | D:1      | 0 ||| qw: Version: 0.1-a-97-g2dd2ca4
     0 | D:1      | 0 ||| qw: Game counter: 4718
     0 | D:1      | 0 ||| qw: Always use a shield: true
     0 | D:1      | 0 ||| qw: God list: Okawaru
     0 | D:1      | 0 ||| qw: Allow faded altars: false
     0 | D:1      | 0 ||| qw: Do Orc after D:15 true
     0 | D:1      | 0 ||| qw: Do second Lair branch before Depths: true
     0 | D:1      | 0 ||| qw: Lair rune preference: random
     0 | D:1      | 0 ||| qw: Plans: Normal
     0 | D:1      | 0 ||| PLANNING D:1-11
    89 | D:1      | 89 ||| Stepping ~*~*~tactically~*~*~ (stealth).
    98 | D:1      | 98 ||| Stepping ~*~*~tactically~*~*~ (stealth).
   109 | D:1      | Reached XP level 2. HP: 27/29 MP: 2/2
   293 | D:1      | Reached skill level 4 in Unarmed Combat
   323 | D:1      | 323 ||| Stepping ~*~*~tactically~*~*~ (hiding).
   662 | D:1      | 662 ||| UPGRADING to amulet of reflection.
   667 | D:1      | 667 ||| DROPPING ring of wizardry.
   668 | D:1      | 668 ||| READING scroll labelled YRARONA UVOTHE.
   669 | D:1      | 669 ||| READING scroll labelled LAETIE JEBAF.
   670 | D:1      | 670 ||| DRINKING 2 dark potions.
   700 | D:2      | 700 ||| STAIRDANCE
   705 | D:1      | Reached XP level 3. HP: 36/36 MP: 3/3
   707 | D:2      | 707 ||| STAIRDANCE
   712 | D:2      | 712 ||| STAIRDANCE
   932 | D:2      | Found a broken altar of Ashenzari.
   987 | D:2      | Found a faded altar of an unknown god.
  1272 | D:2      | 1272 ||| UPGRADING to +0 cloak.
  1277 | D:2      | 1277 ||| READING scroll labelled IBISHE HOSHUF.
  1278 | D:2      | 1278 ||| READING scroll labelled ATZEOR NEU.
  1279 | D:2      | 1279 ||| DRINKING 2 purple potions.
  1317 | D:3      | Noticed Sigmund
  1328 | D:3      | 1328 ||| DRINKING potion of curing.
  1328 | D:3      | 1328 ||| (to cure confusion)
  1344 | D:3      | Killed Sigmund
  1345 | D:3      | Reached skill level 6 in Unarmed Combat
  1345 | D:3      | Reached XP level 4. HP: 17/44 MP: 4/4
  1345 | D:3      | Reached XP level 5. HP: 19/50 MP: 5/5
  1392 | D:3      | Found a sacrificial altar of Ru.
  1475 | D:3      | 1475 ||| Stepping ~*~*~tactically~*~*~ (stealth).
  1476 | D:3      | 1476 ||| Stepping ~*~*~tactically~*~*~ (stealth).
  1477 | D:3      | 1477 ||| Stepping ~*~*~tactically~*~*~ (stealth).
  1485 | D:3      | Found a sparkling altar of Nemelex Xobeh.
  1558 | D:3      | You fall into a shaft and drop 2 floors!
  1558 | D:5      | Entered Level 5 of the Dungeon
  1593 | D:5      | 1593 ||| READING scroll labelled YBYFUC VIYRPH.
  1594 | D:5      | 1594 ||| READING scroll labelled HAVIENIS BUTOTZ.
  1611 | D:4      | 1611 ||| Stepping ~*~*~tactically~*~*~ (hiding).
  1761 | D:4      | Noticed a black bear
  1771 | D:4      | 1771 ||| INVOKING Fiery Armour.
  1771 | D:4      | Killed a black bear
  1772 | D:4      | Reached skill level 7 in Unarmed Combat
  1772 | D:4      | Reached XP level 6. HP: 31/59 MP: 6/6
  1825 | D:4      | 1825 ||| DROPPING ring of magical power.
  1826 | D:4      | 1826 ||| READING scroll labelled GISYEM MAYT.
  1831 | D:4      | 1831 ||| DRINKING 2 fuming silvery potions.
  1832 | D:4      | 1832 ||| DROPPING potion of degeneration.
  1977 | D:3      | 1977 ||| READING scroll of enchant armour.
  1977 | D:3      | 1977 ||| ENCHANTING +0 cloak.
  2158 | D:3      | 2158 ||| READING scroll labelled IFUWAL XUKH.
  2219 | D:4      | Found a snail-covered altar of Cheibriados.
  2225 | D:4      | Found a large runed translucent door.
  2226 | D:4      | Found a large runed translucent door.
  2228 | D:4      | 2228 ||| Stepping ~*~*~tactically~*~*~ (stealth).
  2234 | D:4      | Noticed qw's ghost (amateur TrCA)
  2401 | D:4      | Found an opulent altar of Gozag.
  2699 | D:4      | 2699 ||| READING scroll of teleportation.
  2753 | D:5      | 2753 ||| INVOKING Fiery Armour.
  2754 | D:5      | 2754 ||| STAIRDANCE
  2824 | D:5      | 2824 ||| STAIRDANCE
  2826 | D:4      | 2826 ||| Stepping ~*~*~tactically~*~*~ (outnumbered).
  2827 | D:4      | 2827 ||| Stepping ~*~*~tactically~*~*~ (outnumbered).
  2920 | D:5      | Reached skill level 8 in Unarmed Combat
  2985 | D:5      | Reached XP level 7. HP: 65/66 MP: 7/7
  3103 | D:5      | Reached skill level 3 in Fighting
  3312 | D:5      | 3312 ||| Stepping ~*~*~tactically~*~*~ (outnumbered).
  3333 | D:5      | 3333 ||| Stepping ~*~*~tactically~*~*~ (hiding).
  3338 | D:5      | 3338 ||| INVOKING Fiery Armour.
  3339 | D:5      | 3339 ||| Stepping ~*~*~tactically~*~*~ (outnumbered).
  3342 | D:5      | 3342 ||| Stepping ~*~*~tactically~*~*~ (outnumbered).
  3352 | D:5      | 3352 ||| Stepping ~*~*~tactically~*~*~ (outnumbered).
  3356 | D:5      | 3356 ||| Stepping ~*~*~tactically~*~*~ (outnumbered).
  3401 | D:5      | Found a stormy altar of Qazlal.
  3461 | D:5      | 3461 ||| Stepping ~*~*~tactically~*~*~ (stealth).
  3463 | D:5      | 3463 ||| Stepping ~*~*~tactically~*~*~ (hiding).
  3474 | D:5      | Reached skill level 9 in Unarmed Combat
  3640 | D:5      | 3640 ||| UPGRADING to ring of see invisible.
  3641 | D:5      | 3641 ||| READING scroll labelled UCAGYCUL MUIQ.
  3642 | D:5      | 3642 ||| READING scroll labelled JETZOS CURR.
  3643 | D:5      | 3643 ||| READING 2 scrolls of identify.
  3643 | D:5      | 3643 ||| IDENTIFYING murky coppery potion
  3644 | D:5      | 3644 ||| DROPPING potion of attraction.
  3680 | D:6      | Found a burning altar of Makhleb.
  3685 | D:6      | 3685 ||| STAIRDANCE
  3700 | D:6      | Reached XP level 8. HP: 53/75 MP: 8/8
  3700 | D:6      | 3700 ||| STAIRDANCE
  3796 | D:6      | Reached skill level 1 in Dodging
  3833 | D:6      | Found a blossoming altar of Fedhas.
  3940 | D:6      | 3940 ||| Stepping ~*~*~tactically~*~*~ (stealth).
  3942 | D:6      | 3942 ||| Stepping ~*~*~tactically~*~*~ (hiding).
  3944 | D:6      | 3944 ||| Stepping ~*~*~tactically~*~*~ (hiding).
  3945 | D:6      | 3945 ||| Stepping ~*~*~tactically~*~*~ (hiding).
  3948 | D:6      | 3948 ||| Stepping ~*~*~tactically~*~*~ (hiding).
  3999 | D:6      | 3999 ||| Stepping ~*~*~tactically~*~*~ (stealth).
  4041 | D:6      | Found an ornate altar of the Wu Jian Council.
  4160 | D:6      | Reached skill level 10 in Unarmed Combat
  4299 | D:6      | 4299 ||| UPGRADING to ring of resist corrosion.
  4300 | D:6      | 4300 ||| DRINKING 2 murky inky potions.
  4301 | D:6      | 4301 ||| DROPPING potion of flight.
  4347 | D:6      | 4347 ||| Stepping randomly (stuck).
  4466 | D:6      | 4466 ||| Stepping randomly (stuck).
  4543 | D:7      | 4543 ||| INVOKING Fiery Armour.
  4549 | D:7      | 4549 ||| Stepping ~*~*~tactically~*~*~ (outnumbered).
  4550 | D:7      | 4550 ||| Stepping ~*~*~tactically~*~*~ (outnumbered).
  4552 | D:7      | 4552 ||| Stepping ~*~*~tactically~*~*~ (outnumbered).
  4553 | D:7      | 4553 ||| Stepping ~*~*~tactically~*~*~ (outnumbered).
  4554 | D:7      | 4554 ||| Stepping ~*~*~tactically~*~*~ (outnumbered).
  4555 | D:7      | 4555 ||| Stepping ~*~*~tactically~*~*~ (outnumbered).
  4556 | D:7      | 4556 ||| Stepping ~*~*~tactically~*~*~ (outnumbered).
  4557 | D:7      | 4557 ||| Stepping ~*~*~tactically~*~*~ (outnumbered).
  4559 | D:7      | 4559 ||| Stepping ~*~*~tactically~*~*~ (outnumbered).
  4562 | D:7      | 4562 ||| Stepping ~*~*~tactically~*~*~ (outnumbered).
  4563 | D:7      | 4563 ||| Stepping ~*~*~tactically~*~*~ (outnumbered).
  4564 | D:7      | 4564 ||| Stepping ~*~*~tactically~*~*~ (outnumbered).
  4565 | D:7      | 4565 ||| Stepping ~*~*~tactically~*~*~ (outnumbered).
  4566 | D:7      | 4566 ||| Stepping ~*~*~tactically~*~*~ (outnumbered).
  4575 | D:7      | Found a runed translucent door.
  4576 | D:7      | Noticed a cyan ugly thing
  4576 | D:7      | Noticed qw's ghost (novice TrCA)
  4634 | D:7      | Found a hide-covered altar of Uskayaw.
  4713 | D:7      | Identified the +9 rapier of the Real Monster {vorpal, Dex+2
                  | SInv}
  4786 | D:7      | Found a runed translucent door.
  4787 | D:7      | Noticed Crazy Yiuf
  4850 | D:7      | Found a staircase to the Ecumenical Temple.
  4897 | D:7      | Reached skill level 11 in Unarmed Combat
  4902 | D:7      | 4902 ||| INVOKING Fiery Armour.
  4903 | D:7      | 4903 ||| FLEEEEING.
  4904 | D:7      | 4904 ||| FLEEEEING.
  4905 | D:7      | 4905 ||| FLEEEEING.
  4906 | D:7      | 4906 ||| FLEEEEING.
  4907 | D:7      | 4907 ||| FLEEEEING.
  4912 | D:7      | 4912 ||| STAIRDANCE
  4920 | D:7      | 4920 ||| STAIRDANCE
  4924 | D:7      | 4924 ||| STAIRDANCE
  4936 | D:6      | Reached XP level 9. HP: 64/84 MP: 9/9
  4987 | D:7      | Paralysed by a hornet for 1 turns
  5371 | D:7      | 5371 ||| Stepping randomly (stuck).
  5570 | D:8      | 5570 ||| STAIRDANCE
  5627 | D:8      | 5627 ||| STAIRDANCE
  5629 | D:7      | 5629 ||| Stepping ~*~*~tactically~*~*~ (outnumbered).
  5630 | D:7      | 5630 ||| Stepping ~*~*~tactically~*~*~ (outnumbered).
  5631 | D:7      | 5631 ||| Stepping ~*~*~tactically~*~*~ (outnumbered).
  5632 | D:7      | 5632 ||| Stepping ~*~*~tactically~*~*~ (outnumbered).
  5633 | D:7      | 5633 ||| Stepping ~*~*~tactically~*~*~ (outnumbered).
  5634 | D:7      | 5634 ||| Stepping ~*~*~tactically~*~*~ (outnumbered).
  5635 | D:7      | 5635 ||| Stepping ~*~*~tactically~*~*~ (outnumbered).
  5636 | D:7      | 5636 ||| Stepping ~*~*~tactically~*~*~ (outnumbered).
  5637 | D:7      | 5637 ||| Stepping ~*~*~tactically~*~*~ (outnumbered).
  5638 | D:7      | 5638 ||| Stepping ~*~*~tactically~*~*~ (outnumbered).
  5639 | D:7      | 5639 ||| Stepping ~*~*~tactically~*~*~ (outnumbered).
  5689 | D:8      | 5689 ||| STAIRDANCE
  5691 | D:7      | 5691 ||| Stepping ~*~*~tactically~*~*~ (outnumbered).
  5692 | D:7      | 5692 ||| Stepping ~*~*~tactically~*~*~ (outnumbered).
  5693 | D:7      | 5693 ||| Stepping ~*~*~tactically~*~*~ (outnumbered).
  5694 | D:7      | 5694 ||| Stepping ~*~*~tactically~*~*~ (outnumbered).
  5695 | D:7      | 5695 ||| Stepping ~*~*~tactically~*~*~ (outnumbered).
  5696 | D:7      | 5696 ||| Stepping ~*~*~tactically~*~*~ (outnumbered).
  5697 | D:7      | 5697 ||| Stepping ~*~*~tactically~*~*~ (outnumbered).
  5698 | D:7      | 5698 ||| Stepping ~*~*~tactically~*~*~ (outnumbered).
  5759 | D:8      | Found Tuxoow's Magic Scroll Emporium.
  5762 | D:8      | 5762 ||| Stepping ~*~*~tactically~*~*~ (outnumbered).
  5763 | D:8      | 5763 ||| Stepping ~*~*~tactically~*~*~ (outnumbered).
  5764 | D:8      | 5764 ||| Stepping ~*~*~tactically~*~*~ (outnumbered).
  5765 | D:8      | 5765 ||| Stepping ~*~*~tactically~*~*~ (outnumbered).
  5766 | D:8      | 5766 ||| Stepping ~*~*~tactically~*~*~ (outnumbered).
  5767 | D:8      | 5767 ||| Stepping ~*~*~tactically~*~*~ (outnumbered).
  5768 | D:8      | 5768 ||| Stepping ~*~*~tactically~*~*~ (outnumbered).
  5769 | D:8      | 5769 ||| Stepping ~*~*~tactically~*~*~ (outnumbered).
  5770 | D:8      | 5770 ||| Stepping ~*~*~tactically~*~*~ (outnumbered).
  5771 | D:8      | 5771 ||| Stepping ~*~*~tactically~*~*~ (outnumbered).
  5772 | D:8      | 5772 ||| Stepping ~*~*~tactically~*~*~ (outnumbered).
  5773 | D:8      | 5773 ||| Stepping ~*~*~tactically~*~*~ (outnumbered).
  5775 | D:8      | 5775 ||| INVOKING Fiery Armour.
  5775 | D:8      | HP: 16/79 [wight/+3 war axe (12)]
  5775 | D:8      | HP: 6/77 [wight/+4 spear (3)]
  5776 | D:8      | 5776 ||| DRINKING potion of heal wounds.
  5777 | D:8      | 5777 ||| Stepping ~*~*~tactically~*~*~ (outnumbered).
  5778 | D:8      | 5778 ||| Stepping ~*~*~tactically~*~*~ (outnumbered).
  5779 | D:8      | 5779 ||| Stepping ~*~*~tactically~*~*~ (outnumbered).
  5780 | D:8      | HP: 9/73 [wight/+4 spear (3)]
  5781 | D:8      | 5781 ||| Stepping ~*~*~tactically~*~*~ (outnumbered).
  5781 | D:8      | Slain by a wight

Levels and vault maps discovered:
D:1:      dpeg_arrival_houses_and_road, layout_rooms, lemuel_flame_loot_1
D:2:      layout_rooms, hellmonk_ecumenical_altar_crossroads, serial_rivers,
          chequers_serial_rivers_micro_a, chequers_serial_rivers_micro_a,
          chequers_serial_rivers_room_a, chequers_serial_rivers_large_a,
          basic_altar, kennysheep_generic_room_14
D:3:      cheibrodos_old_hovel, layout_basic,
          mainiacjoe_overflow_small_starburst,
          nemelex_xobeh_ov_fountains_minmay, uniq_sigmund
D:4:      layout_basic, mainiacjoe_overflow_surrounded_room,
          mainiacjoe_overflow_catwalk, ebering_ghost_disaster_area
D:5:      layout_cave_pods, grunt_qazlal_clouds, kennysheep_generic_room_8
D:6:      layout_cave_pools, nicolae_overflow_hidden_temple, bloody_makhleb,
          overflow_temple_1_default, kennysheep_dice
D:7:      layout_cave_pods, mainiacjoe_overflow_six_doors_small,
          minmay_temple_entry_fiery, ebering_ghost_inner_flame,
          uniq_crazy_yiuf_cottage
D:8:      layout_gridville, enter_bailey_5, serial_shops, nicolae_stop_n_shop_1,
          abandoned_shop, minmay_circle_x, uniq_joseph

Skill      XL: |  1  2  3  4  5  6  7  8 |
---------------+-------------------------+-----
Unarmed Combat | 4 6 7 8 9 11 | 11.8
Fighting       | 3 4 |  4.0
Throwing       | 2 |  2.1
Dodging        | 1 |  1.1
Spellcasting   | |  1.0
Fire Magic     | |  2.1

Action                   |  1- 3 |  4- 6 |  7- 9 || total
-------------------------+-------+-------+-------++-------
Melee: Unarmed           |   153 |    84 |   187 ||   424
       Punch             |     1 |       |     5 ||     6
Throw: Boomerang         |       |       |    32 ||    32
Invok: Fiery Armour      |       |     2 |     4 ||     6
  Use: Scroll            |     4 |     6 |     3 ||    13
       Potion            |     3 |     1 |     2 ||     6
Armor: Robe              |    68 |    29 |    71 ||   168
Dodge: Dodged            |    85 |    27 |    83 ||   195
Block: Other             |    12 |    17 |    43 ||    72
       Reflection        |       |       |     2 ||     2

Table legend:
 A = Non-vault XP
 B = Vault XP
 C = Vault XP percentage of total XP
 D = Non-vault monster count
 E = Vault monster count
 F = Vault count percentage of total count
                 A         B        C        D         E       F
            +---------+---------+-------+---------+---------+-------
      Total |    3055 |     412 |  11.9 |     146 |       5 |   3.3
            +---------+---------+-------+---------+---------+-------
        D:1 |      47 |       0 |   0.0 |      28 |       0 |   0.0
        D:2 |      26 |       0 |   0.0 |      14 |       0 |   0.0
        D:3 |      60 |     225 |  78.9 |      14 |       2 |  12.5
        D:4 |     345 |       0 |   0.0 |      15 |       0 |   0.0
        D:5 |     600 |      11 |   1.8 |      27 |       1 |   3.6
        D:6 |     837 |     176 |  17.4 |      18 |       2 |  10.0
        D:7 |    1065 |       0 |   0.0 |      28 |       0 |   0.0
        D:8 |      75 |       0 |   0.0 |       2 |       0 |   0.0
            +---------+---------+-------+---------+---------+-------
